woodfighter, neutral female sylph Wizard ----------- ##..........| --------------------------------- # |.........| |.-..|..|..-....-..|..|..|..-...|########+.........| |.|..|..|..|....|..|)(|..|..|...|# # |.........| |.----|-----.[..----|--|-----...|# ######.<........| #-.......)........).......[[..)..|# # --.-------- ###|.-|-----|--.....[.-|----|---...|### # ------- % |.|..|..|..|......{|.(..|...|...|# # |.....| ### |.|..|..|..|.......|....|.%%|%..|# ### |.....| # |.----|-----.......|.._.|...|.f.|# # |.....|### |.............{....|....|..!|@..|# ### |...[.|# |.------|--------.----------|.G.|# % |.....-# |.|.)+?|...|(((.|.-....|....-...|# ### ------- |.-[...|...|((..-.|....|....|...|# `######## # |.|(.*?|...|(((.|.|....|....|...-# -.-+-- |.---------------.-----------...|[ |>...| |...............................|# |....| ---------------------------------# ------ woodfighter the Thaumaturge Experience level: 8 Strength: 14 Dexterity: 13 Constitution: 16 Intelligence: 16 Wisdom: 16 Charisma: 10 Health: 0(64) Energy: 122(127) Def: 1 Gold: 0 Moves: 8687 Dungeon seed: bbT8pEHWmniFLZRv Game ID: woodfighter_1446841717 Your Inventory: Weapons b - 10 +0 daggers (in quiver) J - a blessed +0 elven dagger (weapon in hand) Armor e - an uncursed +0 cloak of magic resistance (being worn) Comestibles v - 2 uncursed lichen corpses B - an uncursed eucalyptus leaf M - 4 uncursed food rations P - an uncursed tripe ration S - an uncursed fortune cookie Scrolls V - an uncursed scroll of destroy armor Potions W - a cursed potion of object detection Wands h - a wand of teleportation (0:6) k - a wand of magic missile (0:3) x - a wand of sleep (0:3) K - a wand of digging (0:7) U - a wand of light (0:13) Tools c - an uncursed partly used tallow candle (0:45) p - an uncursed blindfold s - an uncursed bag of holding t - a cursed oil lamp (0:0) N - an uncursed credit card Q - an uncursed tallow candle (0:200) Contents of the bag of holding: 2 uncursed sprigs of wolfsbane a cursed -1 ring of adornment an uncursed ring of levitation an uncursed ring of protection from shape changers an uncursed ring of protection from shape changers an uncursed ring of regeneration a cursed ring of regeneration an uncursed ring of teleport control an uncursed ring of teleport control a wand of lightning (0:7) a wand of magic missile (0:5) a wand of striking (0:6) a wand of striking (0:6) a +0 pick-axe Spells and supernatural/magical abilities: Name Level Category Fail Memory a - force bolt 1 attack 0% 57% O - create monster 2 clerical 57% 57% W - pray for help -- divine ? -- Your skills at the end: Miscellaneous Skills wands [Basic] Weapon Skills dagger [Basic] quarterstaff [Basic] Spellcasting Skills attack spells [Expert] enchantment spells [Basic] Final Attributes: You were stridently aligned. You were magic-protected. You saw invisible. You had infravision. You were stealthy. You were protected from shape changers. You were unlucky. You are dead. Vanquished creatures: a ghost 3 giant mimics a small mimic a wraith 2 watchmen 2 leprechauns a black light a dwarf mummy a gold golem 2 dingos a dwarf lord a blue jelly a bugbear a wood nymph 6 Mordor orcs a rock mole a pony a fog cloud a shrieker 4 gnome lords 3 gnomish wizards a kobold mummy a guardian naga hatchling 3 gray oozes a ghoul a straw golem a paper golem 3 giant ants 3 little dogs 4 floating eyes 2 kittens 9 dwarves 2 homunculi a kobold shaman 3 iguanas 12 hill orcs 4 rothes a rabid rat 5 giant bats a monkey an orc zombie a dwarf zombie a werejackal 2 coyotes 3 gas spores 2 hobbits an acid blob a large kobold 3 geckos 3 hobgoblins 3 giant rats a brown mold 4 yellow molds 3 red molds 15 gnomes a garter snake a gnome zombie 9 jackals 3 foxes 17 newts 8 goblins 9 sewer rats 6 grid bugs 13 lichens a kobold zombie 206 creatures vanquished. Voluntary challenges: You were vegetarian. You had followed a strict vegan diet until turn 6009. You did not adorn yourself with jewelry or accessories. You used a wielded weapon 100 times, starting on turn 30. You did not apply a unicorn horn. You read items or engraved 11 times, starting on turn 39. You never genocided any monsters. You never polymorphed an object. You never changed form. You cheated 1 time but completed Sokoban on turn 5583. You used no wishes. You never split a pudding. You never wrote Elbereth's name. You violated your moral code, losing 11 points of alignment, starting on turn 4680. Dungeon overview: The Dungeons of Doom: levels 1 to 6 Level 1 an altar to Ptah, some fountains a long staircase Level 2 an altar to Ptah Level 3 a general store, a fountain Level 4 (locked chest) stairs to The Gnomish Mines Level 5 many fountains Level 6 stairs to Sokoban The Gnomish Mines: levels 5 to 9 Level 5 stairs to The Dungeons of Doom Level 6 Level 7 Level 8 <- You were here some shops, a temple to Anhur, a magic chest, some fountains Level 9 Sokoban: levels 2 to 5 Level 2 a magic chest Level 3 Level 4 Level 5 a magic chest stairs to The Dungeons of Doom History has recorded: On T:1 you entered the Dungeons of Doom to retrieve the Amulet of Yendor! On T:105 you reached level 2 of The Dungeons of Doom. On T:225 you advanced to experience level 2. On T:471 you reached level 3 of The Dungeons of Doom. On T:683 you advanced to experience level 3. On T:1042 you reached level 4 of The Dungeons of Doom. On T:1299 you reached level 1 of The Gnomish Mines. On T:1308 you advanced to experience level 4. On T:1396 you reached level 5 of The Dungeons of Doom. On T:1996 you reached level 6 of The Dungeons of Doom. On T:2161 you advanced to experience level 5. On T:2307 you reached level 4 of Sokoban. On T:2702 you opened a magic chest. On T:2723 you opened a magic chest. On T:2735 you reached level 3 of Sokoban. On T:3471 you advanced to experience level 6. On T:3663 you reached level 2 of Sokoban. On T:4281 you reached level 1 of Sokoban. On T:4438 you advanced to experience level 7. On T:5583 you entered the Sokoban zoo. On T:5780 you opened a magic chest. On T:5781 you opened a magic chest. On T:5782 you opened a magic chest. On T:6207 you reached level 2 of The Gnomish Mines. On T:6458 you reached level 4 of The Gnomish Mines. On T:6505 you entered the Minetown temple On T:6733 you opened a magic chest. On T:6734 you opened a magic chest. On T:6736 you opened a magic chest. On T:6737 you opened a magic chest. On T:6815 you reached level 3 of The Gnomish Mines. On T:6850 you reached level 5 of The Gnomish Mines. On T:6935 you advanced to experience level 8. On T:7156 you opened a magic chest. On T:8374 you opened a magic chest. On T:8376 you opened a magic chest. On T:8419 you opened a magic chest. On T:8611 you opened a magic chest. On T:8618 you opened a magic chest. Score breakdown: Gold: 0 ( 0 points) Experience: 8 levels ( 700 points) Exploration: 9 levels ( 240 points) Discoveries: 14 items ( 700 points) Variety of kills: 65 monsters ( 2000 points) Major goal: finished Sokoban ( 1000 points) Survival: died (score multiplied by 3) Total score: 13920 Latest messages: You cannot drop something you are wearing. You drop an uncursed dwarvish cloak. You sold an uncursed dwarvish cloak for 25 gold pieces. You drop an uncursed dwarvish cloak. You sold an uncursed dwarvish cloak for 25 gold pieces. You drop an uncursed dwarvish cloak. You sold an uncursed dwarvish cloak for 25 gold pieces. You put an uncursed black gem into the magic chest. You put a cursed yellow gem into the magic chest. You put 2 cursed red gems into the magic chest. The spell misses the jaguar. The jaguar claws you! (2x) The jaguar bites! The jaguar claws you! (2x) The jaguar bites! You die... Final status: Goodbye woodfighter the Wizard, killed by a jaguar... You died in The Gnomish Mines on dungeon level 8 with 13920 points, and 0 pieces of gold, after 8687 moves. You were level 8 with a maximum of 64 hit points when you died.